WASHINGTON Capitals vs ANAHEIM Ducks

Created - 25 février 2024 at 14:45

Goals
1 2 3 T
WASHINGTON Capitals 1 1 0 2
ANAHEIM Ducks 3 2 1 6
Shots
1 2 3 T
WASHINGTON Capitals 9 8 5 22
ANAHEIM Ducks 11 12 15 38

1st period

1. ANAHEIM Ducks , Chandler Stephenson 5 (Brett Pesce 6, Nick Paul 12) at 2:53 (PP)
2. ANAHEIM Ducks , Nathan MacKinnon 8 (Brett Pesce 7, Elias Lindholm 11) at 8:38
3. WASHINGTON Capitals , Jason Dickinson 4 (Ryan Strome 3, Mario Ferraro 9) at 10:44
4. ANAHEIM Ducks , Nathan MacKinnon 9 (Brett Pesce 8, Elias Lindholm 12) at 14:34

Penalties :
Ryan Strome (WSH) for Interference (Minor) at 0:59, Ryan Lindgren (ANA) for Cross-checking (Minor) at 11:19

2nd period

5. ANAHEIM Ducks , Nick Paul 8 (Brayden Point 13, MacKenzie Weegar 14) at 5:27
6. ANAHEIM Ducks , Elias Lindholm 8 (Chandler Stephenson 13, Ryan Lindgren 3) at 9:17
7. WASHINGTON Capitals , Ivan Barbashev 5 (John Carlson 15, Matt Duchene 7) at 17:20 (PP)

Penalties :
Justin Holl (ANA) for Slashing (Double Minor) at 15:15, Mark Giordano (ANA) for Hooking (Minor) at 17:39

3rd period

8. ANAHEIM Ducks , Chandler Stephenson 6 (MacKenzie Weegar 15, Brett Pesce 9) at 4:15

Penalties :
Seth Jones (ANA) for Interference (Minor) at 8:27, Justin Holl (ANA) for Holding (Minor) at 19:26

Goalie Stats

Scott Wedgewood (WSH), 12 saves from 17 shots - (0,706), L, 8-11-1, 29:17 minutes
Chris Driedger (WSH), 20 saves from 21 shots - (0,952), 30:43 minutes
Philipp Grubauer (ANA), 20 saves from 22 shots - (0,909), W, 11-9-0, 60:00 minutes

Players Stats for WASHINGTON Capitals

Player Name              G  A  P  +/- PIM S  H  SB GA TA FO     MP     PP MP  PK MP  
------------------------------------------------------------------------------------
Barrett Hayton           0  0  0  -1  0   1  0  0  0  0  4/6     5:14   0:00   0:00 
Brock Boeser             0  0  0   0  0   1  1  0  0  0  0/3    20:58   4:37   0:00 
Carson Soucy             0  0  0   1  0   0  0  1  0  0  0/0    15:46   0:18   0:50 
Casey Mittelstadt        0  0  0   0  0   0  2  0  0  0  0/0    16:21   0:00   0:00 
Christian Dvorak         0  0  0   1  0   0  0  0  0  0  5/15   15:04   0:00   0:00 
Ian Cole                 0  0  0  -2  0   0  0  1  0  0  0/0    16:58   0:00   1:04 
Ivan Barbashev           1  0  1  -4  0   2  3  0  0  0  0/2    18:18   4:16   1:10 
Jason Dickinson          1  0  1   1  0   2  1  0  0  0  1/2    15:48   0:00   0:44 
John Carlson             0  1  1  -3  0   1  1  1  0  0  0/0    24:22   4:33   0:50 
Kevin Shattenkirk        0  0  0  -3  0   4  4  0  0  0  0/0    22:50   4:33   0:00 
Mario Ferraro            0  1  1   1  0   0  0  1  0  0  0/0    19:26   3:44   1:04 
Matt Duchene             0  1  1  -1  0   4  1  0  0  0  7/17   21:11   4:16   0:00 
Matt Grzelcyk            0  0  0   0  0   0  0  0  0  0  0/0     0:00   0:00   0:00 
Pavel Buchnevich         0  0  0  -4  0   5  0  0  0  0  1/2    22:35   4:19   0:44 
Ross Colton              0  0  0  -1  0   0  0  0  0  0  0/0     5:14   0:00   0:00 
Ryan Strome              0  1  1   1  2   1  1  0  0  0  0/1    19:01   3:58   0:00 
Torey Krug               0  0  0  -2  0   0  2  0  0  0  0/0    20:38   4:02   0:00 
William Karlsson         0  0  0  -4  0   1  0  0  0  0  15/26  18:21   4:19   1:10 

Players Stats for ANAHEIM Ducks

Player Name              G  A  P  +/- PIM S  H  SB GA TA FO     MP     PP MP  PK MP  
------------------------------------------------------------------------------------
Brayden Point            0  1  1   0  0   5  0  0  0  0  2/2    18:31   1:01   0:00 
Brett Pesce              0  4  4   4  0   2  2  6  0  0  0/0    24:06   0:53   4:51 
Chandler Stephenson      2  1  3   4  0   5  4  0  0  0  3/6    20:28   0:53   2:52 
David Kampf              0  0  0   0  0   4  0  0  0  0  8/13   14:26   0:00   5:35 
Derick Brassard          0  0  0   0  0   0  0  0  0  0  0/0     6:27   0:00   0:00 
Elias Lindholm           1  2  3   4  0   1  0  0  0  0  14/24  23:27   1:01   5:43 
Jeff Carter              0  0  0   0  0   4  1  0  0  0  10/19  18:31   0:53   0:08 
Joel Farabee             0  0  0   0  0   1  1  0  0  0  0/1     8:51   0:00   0:00 
Justin Holl              0  0  0   1  6   0  1  0  0  0  0/0    15:30   0:00   2:47 
MacKenzie Weegar         0  2  2   4  0   0  2  1  0  0  0/0    23:32   1:01   4:09 
Mark Giordano            0  0  0  -1  2   1  3  2  0  0  0/0    19:16   0:53   0:00 
Nathan MacKinnon         2  0  2   4  0   6  2  0  0  0  1/1    17:44   1:01   0:00 
Nic Dowd                 0  0  0   0  0   1  1  0  0  0  2/5     9:19   0:00   2:52 
Nick Paul                1  1  2   0  0   4  1  0  0  0  0/2    18:23   0:53   0:00 
Patrick Maroon           0  0  0   0  0   1  2  0  0  0  0/0     6:27   0:00   0:00 
Ryan Lindgren            0  1  1   1  2   1  1  1  0  0  0/0    16:02   0:00   3:18 
Seth Jones               0  0  0  -1  2   1  2  2  0  0  0/0    21:29   1:01   2:05 
Warren Foegele           0  0  0   0  0   1  0  0  0  0  1/1     8:51   0:00   0:00 

3 Stars

1 - Chandler Stephenson (ANA)
2 - Brett Pesce (ANA)
3 - Nathan MacKinnon (ANA)

Power Play

WASHINGTON Capitals - 1 on 6 Attempt(s) - 16,67%
ANAHEIM Ducks - 1 on 1 Attempt(s) - 100,00%

Penalty Kill

WASHINGTON Capitals - 0 on 1 Attempt(s) - 0,00% - Score 0 goal in Penalty Kill
ANAHEIM Ducks - 5 on 6 Attempt(s) - 83,33% - Score 0 goal in Penalty Kill

Team Stat

WASHINGTON Capitals - Hits : 16 - Faceoff Wins : 33 - Blocked Shots : 4 - Penalty Minutes : 2
ANAHEIM Ducks - Hits : 23 - Faceoff Wins : 41 - Blocked Shots : 12 - Penalty Minutes : 12

Official

Referees : Chris Schlenker and Jon McIsaac
Linesman : David Brisebois and Nikoleta Celarova

Game Notes

Chris Driedger enters game at 9:17 of 2nd period

Finance

Level 1 -- Attendance: 4701 (78,35%) -- Ticket Income $470,100
Level 2 -- Attendance: 4082 (81,64%) -- Ticket Income $244,920
Level 3 -- Attendance: 2000 (100,00%) -- Ticket Income $70,000
Level 4 -- Attendance: 4000 (100,00%) -- Ticket Income $80,000
Luxury Box -- Attendance: 757 (75,70%) -- Ticket Income $151,400
Game was played at the Honda Center.
Total Attendance: 15540 (86,33%)
Total Ticket Income: $1,016,420
Other Income: $254,105
Total Income: $1,270,525

WASHINGTON Capitals

5 vs 5 Forward 
   Center                   Left Wing                Right Wing               Time % Phy DF OF 
 1 William Karlsson         Ivan Barbashev           Pavel Buchnevich         40     1   2  2  
 2 Matt Duchene             Casey Mittelstadt        Brock Boeser             30     1   2  2  
 3 Christian Dvorak         Jason Dickinson          Ryan Strome              20     1   2  2  
 4 Barrett Hayton           Ross Colton              Pavel Buchnevich         10     3   2  0  

5 vs 5 Defense 
   Defense                  Defense                                           Time % Phy DF OF 
 1 John Carlson             Kevin Shattenkirk                                 40     0   4  1  
 2 Ian Cole                 Torey Krug                                        30     0   4  1  
 3 Mario Ferraro            Carson Soucy                                      20     1   3  1  
 4 Torey Krug               John Carlson                                      10     0   4  1  

PowerPlay Forward 
   Center                   Left Wing                Right Wing               Time % Phy DF OF 
 1 William Karlsson         Pavel Buchnevich         Brock Boeser             60     1   0  4  
 2 Matt Duchene             Ivan Barbashev           Ryan Strome              40     1   0  4  

PowerPlay Defense
   Defense                  Defense                                           Time % Phy DF OF 
 1 John Carlson             Kevin Shattenkirk                                 70     0   1  4  
 2 Mario Ferraro            Torey Krug                                        30     0   1  4  

Penalty Kill 4 Players Forward 
   Center                   Wing                     Time % Phy DF OF 
 1 William Karlsson         Ivan Barbashev           60     1   4  0  
 2 Jason Dickinson          Pavel Buchnevich         40     1   4  0  

Penalty Kill 4 Players Defense
   Defense                  Defense                  Time % Phy DF OF 
 1 Ian Cole                 Mario Ferraro            60     1   4  0  
 2 John Carlson             Carson Soucy             40     1   4  0  

Penalty Kill - 3 Players Forward 
   Forward                                           Time % Phy DF OF 
 1 William Karlsson                                  60     0   5  0  
 2 Jason Dickinson                                   40     0   5  0  

Penalty Kill - 3 Players Defense
   Defense                  Defense                  Time % Phy DF OF 
 1 Ian Cole                 Mario Ferraro            60     0   5  0  
 2 John Carlson             Carson Soucy             40     0   5  0  

4 vs 4 Forward 
   Center                   Wing                     Time % Phy DF OF 
 1 William Karlsson         Pavel Buchnevich         60     1   2  2  
 2 Matt Duchene             Brock Boeser             40     1   2  2  

4 vs 4 Defense
   Defense                  Defense                  Time % Phy DF OF 
 1 John Carlson             Kevin Shattenkirk        60     1   2  2  
 2 Mario Ferraro            Torey Krug               40     1   2  2  

Last Minutes Offensive
   Center                   Left Wing                Right Wing               Defense                  Defense                  
   Matt Duchene             Pavel Buchnevich         Brock Boeser             John Carlson             Kevin Shattenkirk        

Last Minutes Defensive
   Center                   Left Wing                Right Wing               Defense                  Defense                  
   William Karlsson         Jason Dickinson          Pavel Buchnevich         John Carlson             Mario Ferraro            

Goaltenders
Starting : Scott Wedgewood          
Backup : Chris Driedger           

Extra Forwards
Normal : Pavel Buchnevich, Matt Duchene, William Karlsson - PP : William Karlsson, Brock Boeser - PK : Christian Dvorak
Extra Defensemen
Normal : Carson Soucy, Kevin Shattenkirk, Mario Ferraro - PP : John Carlson - PK : Ian Cole, Torey Krug
Penalty Shots
Matt Duchene, Pavel Buchnevich, Ivan Barbashev, William Karlsson, Ross Colton

Scratches
Sam Steel (Healthy)

ANAHEIM Ducks

5 vs 5 Forward 
   Center                   Left Wing                Right Wing               Time % Phy DF OF 
 1 Elias Lindholm           Chandler Stephenson      Nathan MacKinnon         35     0   2  3  
 2 Jeff Carter              Nick Paul                Brayden Point            35     0   2  3  
 3 David Kampf              Joel Farabee             Warren Foegele           20     1   2  2  
 4 Nic Dowd                 Derick Brassard          Patrick Maroon           10     1   3  1  

5 vs 5 Defense 
   Defense                  Defense                                           Time % Phy DF OF 
 1 Brett Pesce              MacKenzie Weegar                                  40     1   2  2  
 2 Mark Giordano            Seth Jones                                        35     1   2  2  
 3 Justin Holl              Ryan Lindgren                                     20     2   2  1  
 4 Brett Pesce              MacKenzie Weegar                                  5      2   2  1  

PowerPlay Forward 
   Center                   Left Wing                Right Wing               Time % Phy DF OF 
 1 Elias Lindholm           Brayden Point            Nathan MacKinnon         60     0   1  4  
 2 Chandler Stephenson      Nick Paul                Jeff Carter              40     0   1  4  

PowerPlay Defense
   Defense                  Defense                                           Time % Phy DF OF 
 1 Seth Jones               MacKenzie Weegar                                  60     0   1  4  
 2 Mark Giordano            Brett Pesce                                       40     0   1  4  

Penalty Kill 4 Players Forward 
   Center                   Wing                     Time % Phy DF OF 
 1 Elias Lindholm           David Kampf              60     1   3  1  
 2 Chandler Stephenson      Nic Dowd                 40     1   3  1  

Penalty Kill 4 Players Defense
   Defense                  Defense                  Time % Phy DF OF 
 1 Brett Pesce              Ryan Lindgren            60     1   3  1  
 2 MacKenzie Weegar         Justin Holl              40     1   3  1  

Penalty Kill - 3 Players Forward 
   Forward                                           Time % Phy DF OF 
 1 Elias Lindholm                                    60     1   4  0  
 2 Chandler Stephenson                               40     1   4  0  

Penalty Kill - 3 Players Defense
   Defense                  Defense                  Time % Phy DF OF 
 1 Brett Pesce              Ryan Lindgren            60     1   4  0  
 2 MacKenzie Weegar         Justin Holl              40     1   4  0  

4 vs 4 Forward 
   Center                   Wing                     Time % Phy DF OF 
 1 Elias Lindholm           Nathan MacKinnon         60     1   2  2  
 2 Chandler Stephenson      Brayden Point            40     1   2  2  

4 vs 4 Defense
   Defense                  Defense                  Time % Phy DF OF 
 1 MacKenzie Weegar         Brett Pesce              60     1   2  2  
 2 Mark Giordano            Seth Jones               40     1   2  2  

Last Minutes Offensive
   Center                   Left Wing                Right Wing               Defense                  Defense                  
   Elias Lindholm           Brayden Point            Nathan MacKinnon         Seth Jones               MacKenzie Weegar         

Last Minutes Defensive
   Center                   Left Wing                Right Wing               Defense                  Defense                  
   Elias Lindholm           Chandler Stephenson      David Kampf              Ryan Lindgren            Brett Pesce              

Goaltenders
Starting : Philipp Grubauer         
Backup : Brian Elliott            

Extra Forwards
Normal : Jeff Carter, Nick Paul, Joel Farabee - PP : Jeff Carter, Nick Paul - PK : Jeff Carter
Extra Defensemen
Normal : Brett Pesce, Justin Holl, Ryan Lindgren - PP : Brett Pesce - PK : Brett Pesce, Justin Holl
Penalty Shots
Nathan MacKinnon, Brayden Point, Elias Lindholm, Chandler Stephenson, Nick Paul

Scratches
None


% Time on Ice - WASHINGTON Capitals

Lines # - Real PCT - Wanted PCT - Time Play
Normal Forward
1 - 26% - 40% - 12:52
2 - 33% - 30% - 16:21
3 - 30% - 20% - 15:04
4 - 11% - 10% - 5:14
Normal Defense
1 - 37% - 40% - 18:17
2 - 32% - 30% - 15:54
3 - 30% - 20% - 14:38
4 - 1% - 10% - 0:42
PP Forward
1 - 50% - 60% - 4:19
2 - 50% - 40% - 4:16
PP Defense
1 - 53% - 70% - 4:33
2 - 47% - 30% - 4:02
PK Forward
1 - 61% - 60% - 1:10
2 - 39% - 40% - 0:44
PK Defense
1 - 56% - 60% - 1:04
2 - 44% - 40% - 0:50
PK3 Forward
1 - 0% - 60%
2 - 0% - 40%
PK3 Defense
1 - 0% - 60%
2 - 0% - 40%
44 Forward
1 - 0% - 60%
2 - 0% - 40%
44 Defense
1 - 0% - 60%
2 - 0% - 40%
Last Minute Offensive  - 0:00
Last Minute Defensive  - 0:00
Total
Forward - 60:00
Defense - 60:00

% Time on Ice - ANAHEIM Ducks

Lines # - Real PCT - Wanted PCT - Time Play
Normal Forward
1 - 34% - 35% - 16:43
2 - 35% - 35% - 17:30
3 - 18% - 20% - 8:51
4 - 13% - 10% - 6:27
Normal Defense
1 - 37% - 40% - 18:22
2 - 37% - 35% - 18:24
3 - 26% - 20% - 12:45
4 - 0% - 5% - 0:00
PP Forward
1 - 54% - 60% - 1:01
2 - 46% - 40% - 0:53
PP Defense
1 - 54% - 60% - 1:01
2 - 46% - 40% - 0:53
PK Forward
1 - 67% - 60% - 5:43
2 - 33% - 40% - 2:52
PK Defense
1 - 52% - 60% - 4:26
2 - 48% - 40% - 4:09
PK3 Forward
1 - 0% - 60%
2 - 0% - 40%
PK3 Defense
1 - 0% - 60%
2 - 0% - 40%
44 Forward
1 - 0% - 60%
2 - 0% - 40%
44 Defense
1 - 0% - 60%
2 - 0% - 40%
Last Minute Offensive  - 0:00
Last Minute Defensive  - 0:00
Total
Forward - 60:00
Defense - 60:00

Play-by-Play

1st period


0:01 of 1st period - William Karlsson wins face-off versus Elias Lindholm in neutral zone.
0:01 of 1st period - William Karlsson is hit by Chandler Stephenson.
0:10 of 1st period - Icing by MacKenzie Weegar.
0:11 of 1st period - Matt Duchene wins face-off versus Chandler Stephenson in ANAHEIM Ducks zone.
0:25 of 1st period - Matt Duchene is hit by MacKenzie Weegar and loses puck.
0:38 of 1st period - Shot by Nathan MacKinnon.
0:38 of 1st period - Stopped by Scott Wedgewood with a rebound.
0:40 of 1st period - Shot by Chandler Stephenson.
0:40 of 1st period - Stopped by Scott Wedgewood without a rebound.
0:41 of 1st period - Christian Dvorak wins face-off versus Jeff Carter in WASHINGTON Capitals zone.
0:45 of 1st period - Off-side.
0:46 of 1st period - William Karlsson wins face-off versus Jeff Carter in neutral zone.
0:51 of 1st period - Icing by Mark Giordano.
0:52 of 1st period - Jeff Carter wins face-off versus Christian Dvorak in ANAHEIM Ducks zone.
0:52 of 1st period - Jeff Carter is hit by Jason Dickinson.
0:59 of 1st period - Minor Penalty to Ryan Strome for Interference.
1:00 of 1st period - William Karlsson wins face-off versus Elias Lindholm in WASHINGTON Capitals zone.
1:06 of 1st period - Icing by Brayden Point.
1:07 of 1st period - Elias Lindholm wins face-off versus William Karlsson in ANAHEIM Ducks zone.
1:20 of 1st period - Shot by Nathan MacKinnon.
1:20 of 1st period - Stopped by Scott Wedgewood without a rebound.
1:21 of 1st period - Jason Dickinson wins face-off versus Jeff Carter in WASHINGTON Capitals zone.
1:59 of 1st period - Shot by Mark Giordano.
1:59 of 1st period - Shot Misses the Net.
2:01 of 1st period - Shot by Brett Pesce.
2:01 of 1st period - Shot Misses the Net.
2:03 of 1st period - Shot by Brett Pesce.
2:03 of 1st period - Stopped by Scott Wedgewood without a rebound.
2:04 of 1st period - William Karlsson wins face-off versus Elias Lindholm in WASHINGTON Capitals zone.
2:24 of 1st period - Icing by Elias Lindholm.
2:25 of 1st period - Brayden Point wins face-off versus William Karlsson in ANAHEIM Ducks zone.
2:43 of 1st period - Shot by Nathan MacKinnon.
2:43 of 1st period - Stopped by Scott Wedgewood without a rebound.
2:44 of 1st period - Chandler Stephenson wins face-off versus Jason Dickinson in WASHINGTON Capitals zone.
2:45 of 1st period - Shot by Nick Paul.
2:45 of 1st period - Shot Blocked by Carson Soucy.
2:53 of 1st period - Shot by Chandler Stephenson.
2:53 of 1st period - Goal by Chandler Stephenson - WASHINGTON Capitals : 0 - ANAHEIM Ducks : 1.
2:54 of 1st period - David Kampf wins face-off versus Brock Boeser in neutral zone.
3:28 of 1st period - David Kampf is hit by Kevin Shattenkirk and loses puck.
3:31 of 1st period - Shot by Joel Farabee.
3:31 of 1st period - Shot Misses the Net.
3:35 of 1st period - Shot by Joel Farabee.
3:35 of 1st period - Shot Misses the Net.
3:38 of 1st period - Joel Farabee is hit by Kevin Shattenkirk and loses puck.
4:00 of 1st period - Shot by Jeff Carter.
4:00 of 1st period - Stopped by Scott Wedgewood with a rebound.
4:04 of 1st period - Shot by Nick Paul.
4:04 of 1st period - Shot Misses the Net.
4:06 of 1st period - Shot by Nick Paul.
4:06 of 1st period - Stopped by Scott Wedgewood without a rebound.
4:07 of 1st period - William Karlsson wins face-off versus Elias Lindholm in WASHINGTON Capitals zone.
4:32 of 1st period - Shot by Pavel Buchnevich.
4:32 of 1st period - Stopped by Philipp Grubauer without a rebound.
4:33 of 1st period - Jeff Carter wins face-off versus Christian Dvorak in ANAHEIM Ducks zone.
5:33 of 1st period - Shot by Elias Lindholm.
5:33 of 1st period - Shot Misses the Net.
6:50 of 1st period - Shot by Patrick Maroon.
6:50 of 1st period - Shot Misses the Net.
7:07 of 1st period - Off-side.
7:08 of 1st period - Jeff Carter wins face-off versus Matt Duchene in neutral zone.
7:11 of 1st period - Shot by Nick Paul.
7:11 of 1st period - Shot Misses the Net.
7:22 of 1st period - Brock Boeser is hit by Seth Jones and loses puck.
8:04 of 1st period - Ivan Barbashev is hit by Mark Giordano.
8:06 of 1st period - Shot by Pavel Buchnevich.
8:06 of 1st period - Stopped by Philipp Grubauer without a rebound.
8:07 of 1st period - Elias Lindholm wins face-off versus William Karlsson in ANAHEIM Ducks zone.
8:17 of 1st period - Nathan MacKinnon is hit by Kevin Shattenkirk and loses puck.
8:29 of 1st period - Elias Lindholm is hit by John Carlson and loses puck.
8:38 of 1st period - Shot by Nathan MacKinnon.
8:38 of 1st period - Goal by Nathan MacKinnon - WASHINGTON Capitals : 0 - ANAHEIM Ducks : 2.
8:39 of 1st period - Barrett Hayton wins face-off versus David Kampf in neutral zone.
9:12 of 1st period - Shot by Pavel Buchnevich.
9:12 of 1st period - Stopped by Philipp Grubauer with a rebound.
9:14 of 1st period - Shot by Barrett Hayton.
9:14 of 1st period - Stopped by Philipp Grubauer without a rebound.
9:15 of 1st period - Elias Lindholm wins face-off versus Brock Boeser in ANAHEIM Ducks zone.
9:15 of 1st period - Elias Lindholm is hit by Casey Mittelstadt.
9:24 of 1st period - Nathan MacKinnon is hit by Kevin Shattenkirk and loses puck.
10:14 of 1st period - Icing by Carson Soucy.
10:15 of 1st period - Christian Dvorak wins face-off versus Jeff Carter in WASHINGTON Capitals zone.
10:37 of 1st period - Shot by Ryan Strome.
10:37 of 1st period - Stopped by Philipp Grubauer with a rebound.
10:44 of 1st period - Shot by Jason Dickinson.
10:44 of 1st period - Goal by Jason Dickinson - WASHINGTON Capitals : 1 - ANAHEIM Ducks : 2.
10:45 of 1st period - David Kampf wins face-off versus Ivan Barbashev in neutral zone.
11:16 of 1st period - Icing by Ryan Lindgren.
11:17 of 1st period - Matt Duchene wins face-off versus David Kampf in ANAHEIM Ducks zone.
11:19 of 1st period - Minor Penalty to Ryan Lindgren for Cross-checking.
11:20 of 1st period - Elias Lindholm wins face-off versus Ivan Barbashev in ANAHEIM Ducks zone.
11:43 of 1st period - Brett Pesce is hit by Ivan Barbashev and loses puck.
11:55 of 1st period - Kevin Shattenkirk is hit by MacKenzie Weegar and loses puck.
12:32 of 1st period - Shot by William Karlsson.
12:32 of 1st period - Stopped by Philipp Grubauer without a rebound.
12:33 of 1st period - William Karlsson wins face-off versus Chandler Stephenson in ANAHEIM Ducks zone.
13:19 of 1st period - Off-side.
13:20 of 1st period - Christian Dvorak wins face-off versus Jeff Carter in neutral zone.
13:47 of 1st period - John Carlson is hit by Mark Giordano and loses puck.
14:34 of 1st period - Shot by Nathan MacKinnon.
14:34 of 1st period - Goal by Nathan MacKinnon - WASHINGTON Capitals : 1 - ANAHEIM Ducks : 3.
14:35 of 1st period - David Kampf wins face-off versus Matt Duchene in neutral zone.
14:38 of 1st period - Shot by Warren Foegele.
14:38 of 1st period - Shot Misses the Net.
14:40 of 1st period - Shot by David Kampf.
14:40 of 1st period - Stopped by Scott Wedgewood with a rebound.
15:27 of 1st period - Matt Duchene is hit by Nathan MacKinnon and loses puck.
15:39 of 1st period - Off-side.
15:40 of 1st period - Jeff Carter wins face-off versus Pavel Buchnevich in neutral zone.
15:43 of 1st period - Shot by Jeff Carter.
15:43 of 1st period - Deflect By Brayden Point.
15:43 of 1st period - Shot Misses the Net.
17:06 of 1st period - Shot by Jason Dickinson.
17:06 of 1st period - Shot Blocked by Brett Pesce.
17:08 of 1st period - Shot by John Carlson.
17:08 of 1st period - Stopped by Philipp Grubauer with a rebound.
18:19 of 1st period - Ian Cole is hit by Chandler Stephenson and loses puck.
19:22 of 1st period - Icing by Seth Jones.
19:23 of 1st period - Jeff Carter wins face-off versus Matt Duchene in ANAHEIM Ducks zone.
19:23 of 1st period - Jeff Carter is hit by Brock Boeser.
19:57 of 1st period - Shot by Matt Duchene.
19:57 of 1st period - Stopped by Philipp Grubauer without a rebound.
19:58 of 1st period - William Karlsson wins face-off versus Joel Farabee in ANAHEIM Ducks zone.
Goals for this period are 1 for WASHINGTON Capitals vs 3 for ANAHEIM Ducks.
Shots for this period are 9 for WASHINGTON Capitals vs 11 for ANAHEIM Ducks.

2nd period


0:01 of 2nd period - William Karlsson wins face-off versus Jeff Carter in neutral zone.
0:04 of 2nd period - Shot by Ivan Barbashev.
0:04 of 2nd period - Shot Blocked by Brett Pesce.
0:13 of 2nd period - Icing by MacKenzie Weegar.
0:14 of 2nd period - Jeff Carter wins face-off versus Matt Duchene in ANAHEIM Ducks zone.
0:23 of 2nd period - Shot by Nick Paul.
0:23 of 2nd period - Shot Misses the Net.
2:37 of 2nd period - Shot by Chandler Stephenson.
2:37 of 2nd period - Stopped by Scott Wedgewood without a rebound.
2:38 of 2nd period - Christian Dvorak wins face-off versus Nic Dowd in WASHINGTON Capitals zone.
2:38 of 2nd period - Christian Dvorak is hit by Nic Dowd.
3:52 of 2nd period - Shot by Jeff Carter.
3:52 of 2nd period - Stopped by Scott Wedgewood without a rebound.
3:53 of 2nd period - Elias Lindholm wins face-off versus William Karlsson in WASHINGTON Capitals zone.
5:07 of 2nd period - Torey Krug is hit by Nick Paul.
5:25 of 2nd period - Shot by Brayden Point.
5:25 of 2nd period - Shot Misses the Net.
5:27 of 2nd period - Shot by Nick Paul.
5:27 of 2nd period - Goal by Nick Paul - WASHINGTON Capitals : 1 - ANAHEIM Ducks : 4.
5:28 of 2nd period - Warren Foegele wins face-off versus Ryan Strome in neutral zone.
5:48 of 2nd period - Shot by David Kampf.
5:48 of 2nd period - Deflect By Joel Farabee.
5:48 of 2nd period - Stopped by Scott Wedgewood with a rebound.
6:01 of 2nd period - Mario Ferraro is hit by Justin Holl and loses puck.
6:52 of 2nd period - Shot by John Carlson.
6:52 of 2nd period - Shot Blocked by Seth Jones.
7:38 of 2nd period - MacKenzie Weegar is hit by Casey Mittelstadt and loses puck.
7:55 of 2nd period - Shot by Casey Mittelstadt.
7:55 of 2nd period - Shot Blocked by Brett Pesce.
7:57 of 2nd period - Shot by Ian Cole.
7:57 of 2nd period - Shot Blocked by Brett Pesce.
8:13 of 2nd period - Shot by Ryan Lindgren.
8:13 of 2nd period - Shot Misses the Net.
8:33 of 2nd period - Off-side.
8:34 of 2nd period - David Kampf wins face-off versus Christian Dvorak in neutral zone.
8:49 of 2nd period - Shot by David Kampf.
8:49 of 2nd period - Shot Misses the Net.
8:51 of 2nd period - Shot by David Kampf.
8:51 of 2nd period - Stopped by Scott Wedgewood without a rebound.
8:52 of 2nd period - William Karlsson wins face-off versus Elias Lindholm in WASHINGTON Capitals zone.
9:17 of 2nd period - Shot by Elias Lindholm.
9:17 of 2nd period - Goal by Elias Lindholm - WASHINGTON Capitals : 1 - ANAHEIM Ducks : 5.
9:17 of 2nd period - Chris Driedger enters game.
9:18 of 2nd period - Jeff Carter wins face-off versus Christian Dvorak in neutral zone.
9:31 of 2nd period - Shot by Brayden Point.
9:31 of 2nd period - Stopped by Chris Driedger without a rebound.
9:32 of 2nd period - Pavel Buchnevich wins face-off versus Elias Lindholm in WASHINGTON Capitals zone.
9:32 of 2nd period - Pavel Buchnevich is hit by Chandler Stephenson.
9:46 of 2nd period - Shot by Chandler Stephenson.
9:46 of 2nd period - Shot Blocked by Ian Cole.
9:48 of 2nd period - Shot by Mark Giordano.
9:48 of 2nd period - Stopped by Chris Driedger without a rebound.
9:49 of 2nd period - Matt Duchene wins face-off versus Nick Paul in WASHINGTON Capitals zone.
10:04 of 2nd period - Shot by Nick Paul.
10:04 of 2nd period - Deflect By Brayden Point.
10:04 of 2nd period - Shot Misses the Net.
10:26 of 2nd period - Shot by Brayden Point.
10:26 of 2nd period - Stopped by Chris Driedger without a rebound.
10:27 of 2nd period - William Karlsson wins face-off versus David Kampf in WASHINGTON Capitals zone.
10:51 of 2nd period - Shot by Pavel Buchnevich.
10:51 of 2nd period - Shot Blocked by Mark Giordano.
10:53 of 2nd period - Shot by Ivan Barbashev.
10:53 of 2nd period - Shot Misses the Net.
10:55 of 2nd period - Shot by Pavel Buchnevich.
10:55 of 2nd period - Stopped by Philipp Grubauer without a rebound.
10:56 of 2nd period - Nathan MacKinnon wins face-off versus Christian Dvorak in ANAHEIM Ducks zone.
11:49 of 2nd period - Shot by Pavel Buchnevich.
11:49 of 2nd period - Shot Misses the Net.
11:51 of 2nd period - Shot by John Carlson.
11:51 of 2nd period - Shot Blocked by Ryan Lindgren.
11:53 of 2nd period - Shot by Ivan Barbashev.
11:53 of 2nd period - Shot Misses the Net.
12:25 of 2nd period - Shot by Ivan Barbashev.
12:25 of 2nd period - Stopped by Philipp Grubauer without a rebound.
12:26 of 2nd period - Matt Duchene wins face-off versus Jeff Carter in ANAHEIM Ducks zone.
12:34 of 2nd period - Casey Mittelstadt is hit by Brett Pesce and loses puck.
13:02 of 2nd period - Shot by Brayden Point.
13:02 of 2nd period - Stopped by Chris Driedger without a rebound.
13:03 of 2nd period - David Kampf wins face-off versus Christian Dvorak in WASHINGTON Capitals zone.
13:09 of 2nd period - Icing by Mario Ferraro.
13:10 of 2nd period - David Kampf wins face-off versus Christian Dvorak in WASHINGTON Capitals zone.
13:13 of 2nd period - Shot by Joel Farabee.
13:13 of 2nd period - Shot Misses the Net.
13:25 of 2nd period - Mario Ferraro is hit by Joel Farabee and loses puck.
14:18 of 2nd period - Shot by Brett Pesce.
14:18 of 2nd period - Stopped by Chris Driedger with a rebound.
15:01 of 2nd period - Icing by Ivan Barbashev.
15:02 of 2nd period - William Karlsson wins face-off versus Elias Lindholm in WASHINGTON Capitals zone.
15:02 of 2nd period - William Karlsson is hit by Nathan MacKinnon.
15:15 of 2nd period - Double Minor Penalty to Justin Holl for Slashing.
15:16 of 2nd period - Elias Lindholm wins face-off versus William Karlsson in ANAHEIM Ducks zone.
15:43 of 2nd period - Shot by Kevin Shattenkirk.
15:43 of 2nd period - Stopped by Philipp Grubauer with a rebound.
15:45 of 2nd period - Shot by Pavel Buchnevich.
15:45 of 2nd period - Stopped by Philipp Grubauer with a rebound.
15:47 of 2nd period - Shot by Pavel Buchnevich.
15:47 of 2nd period - Shot Misses the Net.
15:49 of 2nd period - Shot by Kevin Shattenkirk.
15:49 of 2nd period - Stopped by Philipp Grubauer without a rebound.
15:50 of 2nd period - Matt Duchene wins face-off versus Elias Lindholm in ANAHEIM Ducks zone.
15:55 of 2nd period - Shot by Torey Krug.
15:55 of 2nd period - Shot Blocked by Brett Pesce.
15:57 of 2nd period - Shot by Ryan Strome.
15:57 of 2nd period - Shot Misses the Net.
16:42 of 2nd period - Shot by Kevin Shattenkirk.
16:42 of 2nd period - Shot Blocked by Seth Jones.
17:16 of 2nd period - Shot by Matt Duchene.
17:16 of 2nd period - Stopped by Philipp Grubauer without a rebound.
17:17 of 2nd period - Matt Duchene wins face-off versus Chandler Stephenson in ANAHEIM Ducks zone.
17:20 of 2nd period - Shot by Ivan Barbashev.
17:20 of 2nd period - Goal by Ivan Barbashev - WASHINGTON Capitals : 2 - ANAHEIM Ducks : 5.
17:21 of 2nd period - Brayden Point wins face-off versus Barrett Hayton in neutral zone.
17:24 of 2nd period - Shot by Seth Jones.
17:24 of 2nd period - Stopped by Chris Driedger without a rebound.
17:25 of 2nd period - Barrett Hayton wins face-off versus Jeff Carter in WASHINGTON Capitals zone.
17:31 of 2nd period - Ian Cole is hit by Mark Giordano and loses puck.
17:39 of 2nd period - Minor Penalty to Mark Giordano for Hooking.
17:40 of 2nd period - Elias Lindholm wins face-off versus Matt Duchene in ANAHEIM Ducks zone.
17:57 of 2nd period - Matt Duchene is hit by Ryan Lindgren and loses puck.
18:06 of 2nd period - Shot by Ivan Barbashev.
18:06 of 2nd period - Shot Blocked by Brett Pesce.
19:34 of 2nd period - Shot by Matt Duchene.
19:34 of 2nd period - Stopped by Philipp Grubauer without a rebound.
19:35 of 2nd period - William Karlsson wins face-off versus Elias Lindholm in ANAHEIM Ducks zone.
19:45 of 2nd period - Icing by Mark Giordano.
19:46 of 2nd period - Jeff Carter wins face-off versus Christian Dvorak in ANAHEIM Ducks zone.
Goals for this period are 1 for WASHINGTON Capitals vs 2 for ANAHEIM Ducks.
Shots for this period are 8 for WASHINGTON Capitals vs 12 for ANAHEIM Ducks.

3rd period


0:01 of 3rd period - William Karlsson wins face-off versus Elias Lindholm in neutral zone.
0:20 of 3rd period - Icing by Brett Pesce.
0:21 of 3rd period - Elias Lindholm wins face-off versus Matt Duchene in ANAHEIM Ducks zone.
0:32 of 3rd period - Shot by Nathan MacKinnon.
0:32 of 3rd period - Stopped by Chris Driedger without a rebound.
0:33 of 3rd period - Jeff Carter wins face-off versus William Karlsson in WASHINGTON Capitals zone.
0:42 of 3rd period - Shot by Jeff Carter.
0:42 of 3rd period - Shot Misses the Net.
1:00 of 3rd period - Shot by Brayden Point.
1:00 of 3rd period - Shot Misses the Net.
1:16 of 3rd period - Shot by William Karlsson.
1:16 of 3rd period - Deflect By Pavel Buchnevich.
1:16 of 3rd period - Shot Blocked by Mark Giordano.
1:27 of 3rd period - Brayden Point is hit by Torey Krug and loses puck.
1:38 of 3rd period - Mark Giordano is hit by Matt Duchene.
2:28 of 3rd period - Shot by Elias Lindholm.
2:28 of 3rd period - Shot Misses the Net.
3:08 of 3rd period - Shot by David Kampf.
3:08 of 3rd period - Stopped by Chris Driedger with a rebound.
3:10 of 3rd period - Shot by Warren Foegele.
3:10 of 3rd period - Stopped by Chris Driedger with a rebound.
3:12 of 3rd period - Shot by Ryan Lindgren.
3:12 of 3rd period - Stopped by Chris Driedger without a rebound.
3:13 of 3rd period - Nic Dowd wins face-off versus William Karlsson in WASHINGTON Capitals zone.
3:24 of 3rd period - Shot by Patrick Maroon.
3:24 of 3rd period - Stopped by Chris Driedger with a rebound.
3:48 of 3rd period - Shot by Nic Dowd.
3:48 of 3rd period - Shot Misses the Net.
4:09 of 3rd period - Shot by Chandler Stephenson.
4:09 of 3rd period - Stopped by Chris Driedger with a rebound.
4:15 of 3rd period - Shot by Chandler Stephenson.
4:15 of 3rd period - Goal by Chandler Stephenson - WASHINGTON Capitals : 2 - ANAHEIM Ducks : 6.
4:16 of 3rd period - Jeff Carter wins face-off versus Christian Dvorak in neutral zone.
4:57 of 3rd period - Shot by Brayden Point.
4:57 of 3rd period - Stopped by Chris Driedger without a rebound.
4:58 of 3rd period - Elias Lindholm wins face-off versus Barrett Hayton in WASHINGTON Capitals zone.
5:10 of 3rd period - Icing by John Carlson.
5:11 of 3rd period - Barrett Hayton wins face-off versus David Kampf in WASHINGTON Capitals zone.
5:28 of 3rd period - Shot by David Kampf.
5:28 of 3rd period - Stopped by Chris Driedger without a rebound.
5:29 of 3rd period - Elias Lindholm wins face-off versus Matt Duchene in WASHINGTON Capitals zone.
5:50 of 3rd period - Shot by Matt Duchene.
5:50 of 3rd period - Shot Misses the Net.
5:56 of 3rd period - Shot by Brock Boeser.
5:56 of 3rd period - Stopped by Philipp Grubauer with a rebound.
5:58 of 3rd period - Shot by Casey Mittelstadt.
5:58 of 3rd period - Deflect By Matt Duchene.
5:58 of 3rd period - Stopped by Philipp Grubauer with a rebound.
6:00 of 3rd period - Shot by Torey Krug.
6:00 of 3rd period - Shot Blocked by MacKenzie Weegar.
6:02 of 3rd period - Shot by Brock Boeser.
6:02 of 3rd period - Shot Hit the Post.
6:13 of 3rd period - Casey Mittelstadt is hit by Brett Pesce and loses puck.
6:54 of 3rd period - Shot by Nick Paul.
6:54 of 3rd period - Stopped by Chris Driedger without a rebound.
6:55 of 3rd period - William Karlsson wins face-off versus David Kampf in WASHINGTON Capitals zone.
7:05 of 3rd period - Off-side.
7:06 of 3rd period - Nic Dowd wins face-off versus William Karlsson in neutral zone.
7:56 of 3rd period - Icing by Derick Brassard.
7:57 of 3rd period - Matt Duchene wins face-off versus Nic Dowd in ANAHEIM Ducks zone.
8:03 of 3rd period - Brock Boeser is hit by Seth Jones.
8:27 of 3rd period - Minor Penalty to Seth Jones for Interference.
8:28 of 3rd period - Elias Lindholm wins face-off versus Matt Duchene in ANAHEIM Ducks zone.
9:55 of 3rd period - Icing by Mario Ferraro.
9:56 of 3rd period - Chandler Stephenson wins face-off versus William Karlsson in WASHINGTON Capitals zone.
10:00 of 3rd period - Icing by Mario Ferraro.
10:01 of 3rd period - Chandler Stephenson wins face-off versus Brock Boeser in WASHINGTON Capitals zone.
10:31 of 3rd period - Shot by Jeff Carter.
10:31 of 3rd period - Stopped by Chris Driedger without a rebound.
10:32 of 3rd period - Christian Dvorak wins face-off versus Jeff Carter in WASHINGTON Capitals zone.
11:07 of 3rd period - Shot by Jason Dickinson.
11:07 of 3rd period - Stopped by Philipp Grubauer with a rebound.
11:15 of 3rd period - Shot by Jeff Carter.
11:15 of 3rd period - Stopped by Chris Driedger without a rebound.
11:16 of 3rd period - Barrett Hayton wins face-off versus Nic Dowd in WASHINGTON Capitals zone.
11:16 of 3rd period - Barrett Hayton is hit by Patrick Maroon.
11:51 of 3rd period - Shot by Nic Dowd.
11:51 of 3rd period - Stopped by Chris Driedger without a rebound.
11:52 of 3rd period - Elias Lindholm wins face-off versus Matt Duchene in WASHINGTON Capitals zone.
13:32 of 3rd period - Shot by Nick Paul.
13:32 of 3rd period - Shot Blocked by John Carlson.
14:30 of 3rd period - David Kampf is hit by Ivan Barbashev and loses puck.
14:41 of 3rd period - Mark Giordano is hit by Ivan Barbashev and loses puck.
16:15 of 3rd period - John Carlson is hit by Patrick Maroon and loses puck.
16:38 of 3rd period - Shot by Ryan Strome.
16:38 of 3rd period - Shot Misses the Net.
17:25 of 3rd period - Mario Ferraro is hit by Jeff Carter and loses puck.
17:36 of 3rd period - Shot by Brayden Point.
17:36 of 3rd period - Shot Blocked by Mario Ferraro.
17:38 of 3rd period - Shot by Brayden Point.
17:38 of 3rd period - Stopped by Chris Driedger with a rebound.
17:40 of 3rd period - Shot by Nick Paul.
17:40 of 3rd period - Stopped by Chris Driedger without a rebound.
17:41 of 3rd period - David Kampf wins face-off versus William Karlsson in WASHINGTON Capitals zone.
17:47 of 3rd period - Icing by William Karlsson.
17:48 of 3rd period - William Karlsson wins face-off versus Nick Paul in WASHINGTON Capitals zone.
17:59 of 3rd period - Shot by Ivan Barbashev.
17:59 of 3rd period - Shot Misses the Net.
18:13 of 3rd period - Shot by Nick Paul.
18:13 of 3rd period - Shot Misses the Net.
18:40 of 3rd period - Brayden Point is hit by Torey Krug and loses puck.
19:00 of 3rd period - Torey Krug is hit by Chandler Stephenson and loses puck.
19:10 of 3rd period - Off-side.
19:11 of 3rd period - David Kampf wins face-off versus Christian Dvorak in neutral zone.
19:22 of 3rd period - Justin Holl is hit by Ryan Strome and loses puck.
19:26 of 3rd period - Minor Penalty to Justin Holl for Holding.
19:27 of 3rd period - Elias Lindholm wins face-off versus Matt Duchene in ANAHEIM Ducks zone.
19:36 of 3rd period - Shot by Kevin Shattenkirk.
19:36 of 3rd period - Stopped by Philipp Grubauer with a rebound.
19:38 of 3rd period - Shot by Ivan Barbashev.
19:38 of 3rd period - Shot Misses the Net.
19:50 of 3rd period - Shot by Kevin Shattenkirk.
19:50 of 3rd period - Stopped by Philipp Grubauer without a rebound.
19:51 of 3rd period - Elias Lindholm wins face-off versus William Karlsson in ANAHEIM Ducks zone.
Goals for this period are 0 for WASHINGTON Capitals vs 1 for ANAHEIM Ducks.
Shots for this period are 5 for WASHINGTON Capitals vs 15 for ANAHEIM Ducks. Output by the SimonT Hockey Simulator (STHS) for Martin Benoit - Original Page W3C HTML5 Valid
Hockey Simulator - Hockey Simulation - Hockey Manager